 Dungeon Crawl Stone Soup version 0.31-a0-232-gb1c03b2570 (webtiles) character file.

Game seed: 9952465806100770930

64 qw the Shooter (level 3, -4/29 HPs)
             Began as a Minotaur Hexslinger on July 7, 2023.
             Slain by Grinder (6 damage)
             ... on level 3 of the Dungeon.
             The game lasted 00:00:37 (1265 turns).

qw the Shooter (Minotaur Hexslinger)                Turns: 1265, Time: 00:00:38

Health: -4/29      AC:  6    Str: 12    XL:     3   Next: 91%
Magic:  3/3        EV: 11    Int: 10    God:
Gold:   72         SH:  0    Dex: 14    Spells: 3/4 levels left

rFire   . . .        Y - +3 sling
rCold   . . .        (no shield)
rNeg    + . .        a - +0 ring mail
rPois   .            (helmet restricted)
rElec   .            b - +0 cloak
rCorr   .            (no gloves)
SInv    .            (no boots)
Will    .....        (no amulet)
Stlth   +            e - ring of positive energy
HPRegen 0.24/turn    (no ring)
MPRegen 0.08/turn

%: no passive effects
@: no status effects
A: horns 2, retaliatory headbutt
a: no special abilities


You were on level 3 of the Dungeon.
You visited 1 branch of the dungeon, and saw 3 of its levels.

You collected 72 gold pieces.


Innate Abilities, Weirdness & Mutations

You have a pair of horns on your head.
You reflexively headbutt those who attack you in melee.


   Skills:
 - Level 2.1 Fighting
 + Level 4.0 Ranged Weapons
 - Level 1.4 Armour
 - Level 2.1 Dodging
 - Level 1.0 Spellcasting
 - Level 2.0 Hexes


You had 3 spell levels left.
You knew the following spells:

 Your Spells              Type           Power      Damage    Failure   Level
a - Slow                  Hex            16%        N/A       32%         1

Your spell library contained the following spells:

 Spells                   Type           Power      Damage    Failure   Level
 Inner Flame              Hex/Fire       2%         N/A       83%         3
 Portal Projectile        Hex/Tloc       4%         N/A       83%         3
 Cause Fear               Hex            2%         N/A       97%         4

Inventory:

Hand Weapons
 Y - a +3 sling (weapon)
Armour
 a - a +0 ring mail (worn)
 b - a +0 cloak (worn)
Jewellery
 e - a ring of positive energy (left hand)
Potions
 d - a potion of enlightenment
 f - a potion of cancellation {unknown}

Dungeon Overview and Level Annotations

Branches:
Dungeon (3/15)

Altars:

Annotations:
D:3 Grinder


Message History

Grinder is moderately wounded.
Grinder closely misses you. You furiously retaliate!
You headbutt Grinder! You shoot a sling bullet. The sling bullet hits Grinder.
Grinder is severely wounded.
Grinder hits you! Grinder gestures at you. Pain shoots through your body!
You shoot a sling bullet. The sling bullet hits Grinder.
Grinder is severely wounded.
Grinder gestures at you. You resist with significant effort.
You shoot a sling bullet. The sling bullet hits Grinder.
Grinder is severely wounded.
Grinder hits you.
You writhe in agony.
You shoot a sling bullet. The sling bullet barely misses Grinder.
Grinder grins, showing sharp teeth.
Grinder misses you. Grinder gestures at you. Pain shoots through your body!
You shoot a sling bullet. The sling bullet barely misses Grinder.
Grinder hits you.
You writhe in agony.
You shoot a sling bullet. The sling bullet hits Grinder.
Grinder is severely wounded.
Grinder hits you but does no damage.
You shoot a sling bullet. The sling bullet barely misses Grinder.
Grinder hits you.
You writhe in agony.
Grinder barely misses you. You furiously retaliate!
You headbutt Grinder. You shoot a sling bullet.
The sling bullet barely misses Grinder.
Grinder says, "You look like you could use a good racking."
Grinder gestures at you.
You suddenly lose the ability to move!
Grinder blinks!
You can move again.
You shoot a sling bullet.
The sling bullet closely misses Grinder.
You shoot a sling bullet.
The sling bullet hits Grinder but does no damage.
Grinder is almost dead.
Grinder hits you.
You die...

### ..# #####.# .
#.....# ..#.....#
.......@######+#####
..#.....5...........
..).................
..###...............
.........#..........
......>..##<########
.####....##.#
......##.#
###...###+#


You could see Grinder.

Vanquished Creatures
  An adder (D:2)
  2 dart slugs (D:1)
  4 ball pythons
  4 endoplasms
  A giant cockroach (D:2)
  7 goblins
  5 hobgoblins
  4 jackals (D:2)
  5 bats
  6 frilled lizards
  5 kobolds
  4 rats
48 creatures vanquished.

Notes
Turn   | Place    | Note
-------+----------+-------------------------------------------
     0 | D:1      | qw the Minotaur Hexslinger began the quest for the Orb.
     0 | D:1      | Reached XP level 1. HP: 16/16 MP: 1/1
     0 | D:1      | 0 ||| qw: Version: 0.3-a-46-gb1f654a
     0 | D:1      | 0 ||| qw: Game counter: 2425
     0 | D:1      | 0 ||| qw: Melee chars always use a shield: true
     0 | D:1      | 0 ||| qw: God list: Okawaru
     0 | D:1      | 0 ||| qw: Allow faded altars: false
     0 | D:1      | 0 ||| qw: Do Orc after clearing Dungeon:15 true
     0 | D:1      | 0 ||| qw: Do second Lair branch before Depths: true
     0 | D:1      | 0 ||| qw: Lair rune preference: random
     0 | D:1      | 0 ||| qw: Goals: Normal
     0 | D:1      | 0 ||| PLANNING D:1-11
   146 | D:1      | You fall into a shaft and drop 1 floor!
   157 | D:2      | Reached skill level 3 in Ranged Weapons
   185 | D:2      | Reached XP level 2. HP: 20/23 MP: 2/2
   277 | D:2      | 277 ||| UPGRADING to ring of positive energy.
   278 | D:2      | 278 ||| READING scroll labelled SULU XOUH ANO.
   279 | D:2      | 279 ||| READING scroll labelled ESEZIE HERA.
   280 | D:2      | 280 ||| DRINKING 2 red potions.
   281 | D:2      | 281 ||| DROPPING scroll of poison.
   391 | D:1      | Found a faded altar of an unknown god.
   524 | D:1      | Reached XP level 3. HP: 26/29 MP: 3/3
   681 | D:1      | 681 ||| UPGRADING to +0 ring mail.
   691 | D:1      | 691 ||| DROPPING +0 robe.
   692 | D:1      | 692 ||| READING scroll labelled DEGUKK FOSKUZU.
   693 | D:1      | 693 ||| READING scroll labelled CELANY JODGHEEC.
   694 | D:1      | 694 ||| READING scroll labelled QOTAWN REOBRUH.
   825 | D:2      | Reached skill level 4 in Ranged Weapons
  1060 | D:2      | Reached skill level 1 in Armour
  1157 | D:2      | 1157 ||| READING scroll of enchant weapon.
  1157 | D:2      | 1157 ||| ENCHANTING +2 sling.
  1218 | D:2      | 1218 ||| UPGRADING to +0 cloak.
  1223 | D:2      | 1223 ||| READING scroll labelled QEJEXO TORA.
  1246 | D:3      | Noticed Grinder
  1258 | D:3      | HP: 7/29 [Grinder (3)]
  1260 | D:3      | HP: 3/29 [Grinder (4)]
  1260 | D:3      | HP: 1/29 [Grinder (2)]
  1261 | D:3      | Paralysed by Grinder for 3 turns
  1265 | D:3      | Slain by Grinder

Levels and vault maps discovered:
D:1:      dpeg_arrival_rooms_b, layout_basic,
          shapermc_ecumenical_altar_notcrosses
D:2:      layout_loops_ring
D:3:      layout_basic, uniq_grinder

Skill      XL: |  1  2  3 |
---------------+----------+-----
Ranged Weapons | 3 4 |  4.0
Fighting       | 2 |  2.1
Armour         | 1 |  1.4
Dodging        | |  2.1
Spellcasting   | |  1.0
Hexes          | |  2.0

Action                     || total
---------------------------++-------
   Fire: Sling             ||   147
    Use: Scroll            ||     7
         Potion            ||     1
 Armour: Robe              ||     7
         Ring mail         ||    10
  Dodge: Dodged            ||    50

Table legend:
 A = Non-vault XP
 B = Vault XP
 C = Vault XP percentage of total XP
 D = Non-vault monster count
 E = Vault monster count
 F = Vault count percentage of total count
                 A         B        C        D         E       F
            +---------+---------+-------+---------+---------+-------
      Total |      92 |       0 |   0.0 |      48 |       0 |   0.0
            +---------+---------+-------+---------+---------+-------
        D:1 |      39 |       0 |   0.0 |      22 |       0 |   0.0
        D:2 |      51 |       0 |   0.0 |      25 |       0 |   0.0
        D:3 |       2 |       0 |   0.0 |       1 |       0 |   0.0
            +---------+---------+-------+---------+---------+-------
